 Dungeon Crawl Stone Soup version 0.21.1-1-g345015f (webtiles) character file.

371 solstalker the Cutter (level 7, -1/53 HPs)
             Began as a Human Fighter on Apr 20, 2018.
             Killed by divine providence
             ... invoked by an orc priest
              (7 damage)
             ... on level 4 of the Dungeon.
             The game lasted 00:19:49 (3221 turns).

solstalker the Cutter (Human Fighter)               Turns: 3221, Time: 00:19:51

Health: -1/53      AC:  9    Str: 17    XL:     7   Next: 2%
Magic:  0/7        EV: 11    Int:  8    God:
Gold:   155        SH:  0    Dex: 14    Spells: 6/6 levels left

rFire    . . .     SeeInvis .   C - +2 scythe (freeze)
rCold    . . .     Gourm    .   (shield currently unavailable)
rNeg     . . .     Faith    .   s - +0 ring mail
rPois    .         Spirit   +   (no helmet)
rElec    .         Reflect  .   (no cloak)
rCorr    .         Harm     .   (no gloves)
MR       .....                  I - +2 pair of boots
Stlth    +.........             n - amulet of guardian spirit
HPRegen  0.17/turn              (no ring)
MPRegen  0.10/turn              (no ring)

@: no status effects
A: no striking features
a: no special abilities


You were on level 4 of the Dungeon.
You were not hungry.

You visited 1 branch of the dungeon, and saw 4 of its levels.

You collected 155 gold pieces.

Inventory:

Hand Weapons
 a - a +1 rapier
 g - a +0 dagger
 j - a +0 hand axe
 k - a +0 mace
 l - a +0 short sword
 o - a +0 hunting sling
 t - a cursed -3 dagger
 u - a +0 short sword
 C - a +2 scythe of freezing (weapon)
 E - a +0 flail
Missiles
 h - 133 stones (quivered)
 G - 3 javelins of penetration
Armour
 b - a +0 scale mail
 c - a +1 shield
 m - a +0 centaur barding
 q - a +0 naga barding
 s - a +0 ring mail (worn)
 x - a +0 scale mail
 y - a +0 chain mail
 D - a +2 robe
 I - a +2 pair of boots (worn)
Jewellery
 n - an amulet of guardian spirit (around neck)
Wands
 B - a wand of polymorph (12)
Scrolls
 i - 2 scrolls of teleportation
 p - 3 scrolls of remove curse
 F - a scroll of fear
Potions
 e - a potion of agility
 f - a potion of brilliance
 r - a potion of berserk rage {unknown}
 v - 2 potions of mutation {unknown}
 w - 2 potions of resistance {unknown}
 z - a potion of lignification
 H - a potion of might
Comestibles
 A - 2 rations


   Skills:
 + Level 3.7 Fighting
 + Level 4.2 Short Blades
 + Level 1.2 Polearms
 + Level 4.2 Armour
 + Level 1.7 Dodging
 + Level 0.6 Stealth
 + Level 3.9 Shields


You had 6 spell levels left.
You didn't know any spells.

Dungeon Overview and Level Annotations

Branches:
Dungeon (4/15)
 Temple: D:4-7

Altars:
Kikubaaqudgha

Annotations:
D:4 Grinder


Message History

You feel a bit more experienced.
You closely miss the orc. The orc hits you but does no damage.
The orc priest looks satisfied for a moment.
The orc closely misses you.
You slash the orc! You freeze the orc.
You kill the orc!
The orc priest looks satisfied for a moment.
The orc priest invokes the aid of Beogh against you.
Beogh smites you!
* * * LOW HITPOINT WARNING * * *
Attack whom?
Press: ? - help, Dir - move target cursor, f - orc priest
Aim: an orc priest, wielding a flail You reach to attack!
You closely miss the orc priest.
The orc priest mumbles some strange prayers to Beogh against you.
Beogh smites you!
* * * LOW HITPOINT WARNING * * *
The orc priest calls down the wrath of Beogh upon you.
Beogh smites you!
You die...

#.# ##.## #.#
#...# #.#
###.#.# #
#.###...#...#
#.....#####.#
#####...#.....
###.#.# ###
#...# ##@##
#)# #o# #o#
#.# #.# ..#
.##


You could see an orc priest and an orc.

Vanquished Creatures
  Sigmund (D:3)
  An orc priest (D:3)
  An orc wizard (D:4)
  Natasha (thrice) (D:3)
  2 adders
  An ooze (D:1)
  2 worms
  4 dart slugs
  A leopard gecko (D:1)
  4 orcs
  5 bats
  2 goblins
  4 hobgoblins
  7 jackals
  3 kobolds
  A quokka (D:2)
  4 frilled lizards
  4 rats
  A butterfly (D:1)
51 creatures vanquished.

Vanquished Creatures (others)
  A human (D:3)
1 creature vanquished.

Grand Total: 52 creatures vanquished

Notes
Turn   | Place    | Note
-------+----------+-------------------------------------------
     0 | D:1      | solstalker the Human Fighter began the quest for the Orb.
     0 | D:1      | Reached XP level 1. HP: 18/18 MP: 1/1
   111 | D:1      | Reached XP level 2. HP: 21/24 MP: 2/2
   194 | D:1      | Reached XP level 3. HP: 20/29 MP: 3/3
  1317 | D:2      | Reached XP level 4. HP: 31/35 MP: 4/4
  2074 | D:3      | Noticed Sigmund
  2083 | D:3      | Killed Sigmund
  2083 | D:3      | Reached skill level 1 in Dodging
  2083 | D:3      | Reached XP level 5. HP: 5/41 MP: 0/5
  2083 | D:3      | Reached XP level 6. HP: 6/47 MP: 0/6
  2394 | D:3      | Noticed Natasha
  2400 | D:3      | Killed Natasha
  2525 | D:3      | Noticed Natasha
  2528 | D:3      | Killed Natasha
  2764 | D:3      | Noticed Natasha
  2765 | D:3      | Killed Natasha
  2850 | D:3      | Found an ancient bone altar of Kikubaaqudgha.
  2852 | D:3      | Noticed a human
  2854 | D:3      | Killed a human
  3159 | D:4      | Noticed Grinder
  3218 | D:4      | Reached skill level 1 in Polearms
  3218 | D:4      | Reached XP level 7. HP: 23/53 MP: 3/7
  3221 | D:4      | Killed from afar by an orc priest

Skill      XL: |  1  2  3  4  5  6 |
---------------+-------------------+-----
Short Blades   | 3 4 |  4.2
Armour         | 4 |  4.2
Dodging        | 1 |  1.7
Polearms       | 1 |  1.2
Fighting       | |  3.7
Stealth        | |  0.6
Shields        | |  3.9

Action                   |  1- 3 |  4- 6 |  7- 9 || total
-------------------------+-------+-------+-------++-------
Melee: Rapier            |   115 |    29 |       ||   144
       Short sword       |     1 |       |       ||     1
       Scythe            |       |    38 |     3 ||    41
  Use: Scroll            |     6 |     6 |       ||    12
       Potion            |     1 |     2 |       ||     3
  Eat: Chunk             |     1 |     1 |       ||     2
       Ration            |       |     2 |       ||     2
Armor: Scale mail        |    27 |     8 |       ||    35
       Ring mail         |       |    16 |     1 ||    17
Dodge: Dodged            |    26 |    22 |     1 ||    49
Block: Shield            |    35 |    12 |       ||    47
